Map: 베를린그라드 - 래더

Players

Classic - Winner!

  • Race: Protoss Protoss

DPGherO (herO)

  • Race: Protoss Protoss
  • League: Master

Event: DreamHack SC2 Masters Last Chance 2022

VOD

Have the link to the VOD?

Description

Time

  • Played on: Dec. 15, 2021, 5:41 a.m.
  • Length: 9:23

All games in this series

Show
View Real Time Build Order
Export as new Build Order

Classic Protoss - Winner!

Build Orders:  

Get SALT Encoding   

  12  0:00  Probe  
  13  0:12  Probe  
  14  0:16  Pylon  
  14  0:24  Probe (Chrono Boost)  
  15  0:36  Gateway, Probe (Chrono Boost)  
  16  0:44  Probe (Chrono Boost)  
  16  0:46  Assimilator  
  17  0:51  Probe  
  17  0:54  Assimilator  
  18  1:03  Probe (Chrono Boost)  
  19  1:07  Gateway  
  19  1:13  Probe (Chrono Boost)  
  19  1:18  Probe (Chrono Boost)  
  20  1:23  Cybernetics Core  
  21  1:29  Probe  
  22  1:34  Pylon  
  22  1:41  Probe  
  24  1:59  Robotics Facility  
  24  2:00  Stalker  
  25  2:04  Stalker  
  27  2:08  Warp Gate  
  27  2:14  Pylon  
  27  2:32  Stalker  
  27  2:34  Stalker  
  31  2:44  Immortal (Chrono Boost)  
  35  2:54  Pylon  
  35  3:04  Shield Battery  
  35  3:13  Warp Prism (Chrono Boost)  
  37  3:33  Pylon  
  37  3:43  Immortal  
  41  4:00  Stalker x2  
  35  4:19  Warp Prism (Chrono Boost)  
  35  4:28  Stalker  
  35  4:29  Sentry  
  43  4:55  Stalker x2  
  41  5:13  Immortal  
  45  5:18  Stalker  
  45  5:20  Stalker  
  49  5:29  Pylon  
  49  5:49  Probe, Pylon  
  50  5:50  Sentry x2  
  54  6:07  Immortal (Chrono Boost)  
  54  6:21  Zealot x2  
  42  6:42  Sentry x2  
  42  6:43  Warp Prism (Chrono Boost)  
  48  6:55  Stargate  
  48  7:06  Zealot x2  
  52  7:30  Zealot x2  
  54  7:55  Zealot x2  
  52  8:03  Phoenix (Chrono Boost)  
  36  8:25  Phoenix (Chrono Boost)  
  38  8:31  Nexus  
  38  8:34  Stalker  
  38  8:35  Stalker  
  42  8:46  Phoenix (Chrono Boost)  
  46  9:22  Stalker  
Show
View Real Time Build Order
Export as new Build Order

DPGherO Protoss 

Build Orders:  

Get SALT Encoding   

  12  0:00  Probe  
  13  0:12  Probe  
  14  0:17  Pylon  
  14  0:24  Probe (Chrono Boost)  
  16  0:36  Gateway, Probe (Chrono Boost)  
  16  0:42  Probe (Chrono Boost)  
  16  0:45  Assimilator  
  17  0:51  Probe  
  17  0:53  Assimilator  
  18  1:03  Probe (Chrono Boost)  
  19  1:06  Gateway  
  20  1:12  Probe (Chrono Boost)  
  20  1:17  Probe (Chrono Boost)  
  20  1:23  Cybernetics Core  
  21  1:29  Probe  
  22  1:34  Pylon  
  22  1:41  Probe  
  23  1:53  Probe  
  24  1:57  Warp Gate (Chrono Boost)  
  24  1:59  Stalker x2  
  28  2:08  Pylon  
  28  2:18  Robotics Facility  
  28  2:30  Stalker  
  28  2:32  Stalker  
  32  2:44  Gateway  
  32  3:01  Stalker  
  32  3:02  Stalker  
  36  3:11  Warp Prism (Chrono Boost)  
  38  3:22  Pylon  
  38  3:43  Stalker  
  38  3:44  Stalker  
  38  3:45  Stalker  
  34  4:07  Stalker x2  
  34  4:09  Stalker  
  36  4:26  Immortal (Chrono Boost)  
  40  4:37  Sentry, Shield Battery  
  42  4:40  Sentry  
  44  4:46  Zealot  
  44  4:52  Pylon  
  44  5:08  Immortal (Chrono Boost)  
  38  5:42  Immortal  
  38  5:50  Pylon  
  38  5:54  Probe  
  39  6:09  Stalker  
  41  6:23  Immortal  
  35  6:36  Stalker  
  35  6:37  Probe  
  38  6:41  Pylon  
  38  6:49  Probe  
  39  7:01  Probe  
  40  7:05  Immortal (Chrono Boost)  
  44  7:23  Stalker x2  
  48  7:32  Probe  
  45  7:53  Observer  
  29  8:08  Probe  
  29  8:10  Pylon  
  28  8:15  Stalker  
  30  8:21  Probe  
  30  8:24  Pylon  
  31  8:31  Immortal (Chrono Boost)  
  31  8:33  Probe  
  36  8:46  Probe  
  37  8:50  Stalker  
  39  8:56  Stalker  
  41  9:15  Pylon  
  41  9:16  Pylon  

Tags
 
Add a new tag
Caveats
  • Supply blocks, unpowered buildings, or Contaminate may cause inaccurate times.
  • Supply counts are checked every 10 seconds.